cohdb
Replays
Latest Replays
All Replays
Popular Replays
Top Player Replays
Match Explorer
How It Works
Community
CoH3 Stats
Reddit
Sign in to upload your games and track your stats! →
Sign in with Steam
Match 42650280
Unlisted
Match 42650280
Overview
Messages
Build Orders
End
Construct Barracks
Scout Squad
Riflemen Squad
Riflemen Squad
Grenade Package
Construct Weapon Support Center
M1919 Machine Gun Team
M1919 Machine Gun Team
Scout Squad
Mechanized Support Center
Riflemen Squad
Construct Tank Depot
M4A1 Sherman Medium Tank
Selects Heavy Weapons
Selects M2HB .50cal Heavy Machine Gun
Selects Gallant Stand
Selects Black Dragon Artillery Barrage
Selects Assault Carriers
Selects Exchangeable Parts
Construct Medical Station
Engineer Squad
M4A1 76mm Conversion
Riflemen Squad
Riflemen Squad
M4A1(76) Sherman Medium Tank
.30 cal Machine Gun
Improvised Armor
Rapid Repairs
Black Dragon Artillery Barrage
.30 cal Machine Gun
M4A1(76) Sherman Medium Tank
M4A1(76) Sherman Medium Tank
Riflemen Squad
Riflemen Squad
M1918 Browning Automatic Rifles
.30 cal Machine Gun
matrix4x4
Stemonitis
0
0
Comments
sign in to comment!
No comments posted yet!